 Dungeon Crawl Stone Soup version 0.21.0-30-g47ce8e4 (webtiles) character file.

10308 Haldmier the Grappler (level 11, -10/148 HPs)
             Began as a Naga Transmuter on Jan 28, 2018.
             Was an Elder of Cheibriados.
             Mangled by a minotaur
             ... wielding a +1 morningstar of holy wrath
              (19 damage)
             ... in a labyrinth.
             The game lasted 01:34:51 (14312 turns).

Haldmier the Grappler (Naga Transmuter)            Turns: 14312, Time: 01:34:52

Health: -10/148    AC: 25    Str: 22    XL:     11   Next: 60%
Magic:  11/15      EV:  1    Int: 25    God:    Cheibriados [****..]
Gold:   622        SH: 12    Dex: 24    Spells: 1/16 levels left

rFire    . . .     SeeInvis +     - Unarmed
rCold    . . .     Gourm    .   r - +1 shield
rNeg     + + +     Faith    .   (armour currently unavailable)
rPois    +         Spirit   .   (helmet currently unavailable)
rElec    .         Reflect  .   (cloak currently unavailable)
rCorr    .         Harm     .   (gloves currently unavailable)
MR       +....     NoTele   +   (no barding)
Stlth    ++++......             V - amulet of regeneration
HPRegen  0.74/turn              Z - +3 ring of dexterity
MPRegen  0.14/turn              A - ring of wizardry

@: tree-form, very slightly contaminated, very slow
A: large, see invisible, slow metabolism 1, spit poison 1, AC +3
a: Spit Poison, Bend Time, Temporal Distortion, Slouch, Renounce Religion


You were in a labyrinth.
You worshipped Cheibriados.
Cheibriados was greatly pleased with you.
You were hungry.
You were a tree.
You visited 2 branches of the dungeon, and saw 12 of its levels.
You also visited: Labyrinth, Sewer and Bailey.

You collected 844 gold pieces.
You spent 222 gold pieces at shops.

Inventory:

Hand Weapons
 a - a +1 hunting sling
Missiles
 f - 6 javelins of returning (quivered)
 m - 117 arrows
 p - 49 sling bullets
 I - 54 tomahawks of returning
 Q - a throwing net
Armour
 q - a +0 ring mail of cold resistance
 r - a +1 shield (worn)
 x - the +1 robe of Wuekk (melded) {rElec Regen+}
   (You found it on level 5 of the Dungeon)

   It insulates you from electricity.
   It increases your rate of regeneration.
 F - a +2 robe of magic resistance
 G - a +0 helmet
 J - the -1 hat of Hedge Wizardry (melded) {+Inv Dex+6}
   (You acquired it on level 9 of the Dungeon)

   It affects your dexterity (+6).
   It lets you turn invisible.
Magical Staves
 H - an uncursed staff of wizardry
Jewellery
 g - an uncursed ring of protection from magic {unknown}
 n - an uncursed ring of flight
 A - a ring of wizardry (right branch)
 R - an uncursed ring of ice
 V - an amulet of regeneration (around neck)
 Z - a +3 ring of dexterity (left branch)
Wands
 b - a wand of acid (5)
 e - a wand of scattershot (9)
 B - a wand of digging (11)
 E - a wand of iceblast (7)
 T - a wand of polymorph (11)
 W - a wand of flame (41)
Scrolls
 j - 4 scrolls of teleportation
 l - 5 scrolls of remove curse
 t - 2 scrolls of fog
 v - 2 scrolls of fear
Potions
 i - a potion of resistance
 k - 3 potions of lignification
 o - 2 potions of flight
 u - 2 potions of ambrosia
 w - 2 potions of heal wounds
 z - 5 potions of curing
 D - 2 potions of magic
 L - a potion of might {unknown}
 N - a potion of experience {unknown}
 U - 3 potions of brilliance
 X - a potion of agility {unknown}
Books
 c - a book of Changes

   Spells                             Type                      Level
   a - Beastly Appendage              Transmutation                1
   b - Sticks to Snakes               Transmutation                2
   c - Spider Form                    Transmutation/Poison         3
   d - Ice Form                       Ice/Transmutation            4
   e - Blade Hands                    Transmutation                5
Miscellaneous
 M - a phantom mirror
Comestibles
 d - 13 rations


   Skills:
 + Level 6.8 Fighting
 - Level 3.0 Dodging
 - Level 5.4 Stealth
 + Level 4.1 Shields
 * Level 10.0 Unarmed Combat
 - Level 3.0 Spellcasting
 * Level 9.7 Transmutations
 - Level 4.0 Ice Magic
 - Level 3.0 Poison Magic
 + Level 4.3 Invocations


You had one spell level left.
You knew the following spells:

 Your Spells              Type           Power        Failure   Level  Hunger
a - Beastly Appendage     Tmut           ######       1%          1    None
b - Sticks to Snakes      Tmut           ######..     1%          2    ##.....
c - Spider Form           Tmut/Pois      #####.....   2%          3    ###....
d - Ice Form              Ice/Tmut       #####...     7%          4    ####...
e - Blade Hands           Tmut           ######....   6%          5    ######.


Dungeon Overview and Level Annotations

Branches:
Dungeon (11/15)            Temple (1/1) D:7            Lair (0/6) D:11
    Orc (0/2) D:11

Altars:
Ashenzari
Cheibriados
Dithmenos
Elyvilon
Fedhas
Gozag
Hepliaklqana
Kikubaaqudgha
Makhleb
Nemelex Xobeh
Okawaru
Qazlal
Ru
Sif Muna
Trog
Uskayaw
Vehumet
Wu Jian
Xom
Yredelemnul
Zin
The Shining One

Shops:
D:3 *   D:9 *

Annotations:
D:5 Dowan, Duvessa
D:10 Gastronok
D:11 p0werm0de's ghost, journeyman BaVM


Innate Abilities, Weirdness & Mutations

You cannot wear boots.
((Your serpentine skin is tough. (AC +3)))
You have supernaturally acute eyesight. (SInv)
((Armour fits poorly on your strangely shaped body.))
((Your system is resistant to poisons. (rPois)))
((You cover ground very slowly.))
You have a slow metabolism.
You can spit poison.


Message History

The minotaur hits you with a morningstar of holy wrath!
* * * LOW HITPOINT WARNING * * *
The minotaur barely misses you.
Your hands revert to their normal proportions.
Your +1 shield unmelds from your body.
You turn into a tree.
The -1 hat of Hedge Wizardry {+Inv Dex+6} melds into your body.
The +1 robe of Wuekk {rElec Regen+} melds into your body.
Your roots penetrate the ground.
You pummel the minotaur!!
The minotaur is heavily wounded.
You block the minotaur's attack. The minotaur gores you!
* * * LOW HITPOINT WARNING * * *
You smack the minotaur!
The minotaur is severely wounded.
The minotaur hits you but does no damage.
The minotaur gores you but does no damage.
You smack the minotaur!
The minotaur is severely wounded.
The minotaur hits you with a morningstar of holy wrath!!
You die...

# .#.# .
# #.....#
#..
...... .
. #######
#.. #
#.....#.
.
#.###.#.#
.. #.#
#.# # #.
#.# #.#.#
# .#
#♣#.#
.#.H.#.#
#.##### #
.......#
#####


You could see a minotaur.

Vanquished Creatures
  Erica (D:10)
  A two-headed ogre (D:10)
  The ghost of ceb the Skirmisher, a novice VSFi of Hepliaklqana (D:7)
  2 unseen horrors (Lab)
  Pikel (D:7)
  An orc knight (Bailey)
  Psyche (D:7)
  2 redbacks (Lab)
  13 yaks
  Menkaure (D:7)
  A porcupine (D:11)
  4 orc warriors
  A sky beast (D:7)
  A slave (D:7)
  A hornet zombie (D:8)
  4 ice beasts (D:9)
  4 phantoms
  An eye of draining (D:9)
  2 ogres
  A crocodile (Sewer)
  4 centaurs
  5 bullfrogs
  3 scorpions
  A water moccasin zombie (D:5)
  A spriggan skeleton (Lab)
  2 troll skeletons (Lab)
  2 howler monkeys (D:7)
  2 crimson imps
  5 orc wizards
  A jelly (D:6)
  5 orc priests
  2 bullfrog skeletons (D:4)
  A hound (D:4)
  A centaur skeleton (Lab)
  2 iguanas
  Terence (D:2)
  9 worker ants
  2 killer bee zombies (D:7)
  A hound skeleton (D:8)
  10 gnolls
  12 adders
  2 shadow imps
  An ooze (D:3)
  2 adder zombies
  An adder skeleton (D:4)
  A worm (D:2)
  3 dart slugs
  8 leopard geckos
  29 orcs
  4 giant cockroaches
  11 goblins
  10 hobgoblins
  16 jackals
  20 kobolds
  5 quokkas
  6 ball pythons
  10 bats
  6 frilled lizards
  A jackal skeleton (D:7)
  A leopard gecko zombie (D:9)
  2 quokka skeletons
  11 rats
266 creatures vanquished.

Vanquished Creatures (collateral kills)
  A bullfrog skeleton (D:2)
  An orc wizard (D:6)
  An adder (D:3)
  An orc (D:6)
  A ball python (D:4)
  A goblin (D:2)
  A frilled lizard (D:4)
7 creatures vanquished.

Vanquished Creatures (others)
  A fungus (D:11)
  A plant (D:11)
2 creatures vanquished.

Grand Total: 275 creatures vanquished

Notes
Turn   | Place    | Note
-------+----------+-------------------------------------------
     0 | D:1      | Haldmier the Naga Transmuter began the quest for the Orb.
     0 | D:1      | Reached XP level 1. HP: 18/18 MP: 3/3
   276 | D:1      | Reached XP level 2. HP: 22/25 MP: 3/5
   318 | D:1      | Learned a level 2 spell: Sticks to Snakes
   372 | D:1      | Reached skill level 1 in Stealth
   956 | D:1      | Reached XP level 3. HP: 31/31 MP: 4/6
   977 | D:1      | Learned a level 3 spell: Spider Form
  1430 | D:2      | Reached XP level 4. HP: 16/38 MP: 2/7
  1946 | D:2      | Reached skill level 1 in Poison Magic
  2128 | D:2      | Noticed Terence
  2137 | D:2      | Killed Terence
  2137 | D:2      | Reached XP level 5. HP: 39/45 MP: 4/8
  2648 | D:3      | Reached skill level 4 in Unarmed Combat
  3441 | D:3      | Found Gozag's Platinum Reserve.
  3526 | D:3      | Found an opulent altar of Gozag.
  3855 | D:4      | Noticed a phantom
  3858 | D:4      | Reached XP level 6. HP: 42/52 MP: 3/9
  3873 | D:5      | Entered Level 5 of the Dungeon
  4077 | D:4      | Found a glowing drain.
  4100 | Sewer    | Entered a sewer
  4492 | D:4      | Killed a phantom
  4492 | D:4      | Reached XP level 7. HP: 30/61 MP: 2/10
  4824 | D:4      | Found a blossoming altar of Fedhas.
  4861 | D:4      | Learned a level 4 spell: Ice Form
  5189 | D:5      | Noticed Duvessa
  5189 | D:5      | Noticed Dowan
  5276 | D:5      | Reached skill level 5 in Unarmed Combat
  5306 | D:5      | Got a faintly humming robe
  6102 | D:6      | Reached XP level 8. HP: 22/69 MP: 7/11
  6386 | D:6      | Identified the +1 robe of Wuekk {rElec Regen+} (You found it on level 5 of the Dungeon)
  6550 | D:6      | Reached skill level 1 in Ice Magic
  6621 | D:6      | Reached skill level 1 in Shields
  7435 | D:7      | Noticed Menkaure
  7443 | D:7      | Killed Menkaure
  7443 | D:7      | Reached skill level 5 in Transmutations
  7479 | D:7      | Found a staircase to the Ecumenical Temple.
  7491 | Temple   | Entered the Ecumenical Temple
  7517 | Temple   | Became a worshipper of Cheibriados the Contemplative
  8098 | D:7      | Noticed Pikel
  8109 | D:7      | Killed Pikel
  8109 | D:7      | Reached skill level 5 in Stealth
  8109 | D:7      | Reached skill level 6 in Unarmed Combat
  8109 | D:7      | Reached skill level 1 in Invocations
  8109 | D:7      | Reached XP level 9. HP: 66/78 MP: 8/13
  8363 | D:7      | Found an iron altar of Okawaru.
  8768 | D:7      | Noticed ceb's ghost (novice VSFi)
  8787 | D:7      | Killed ceb's ghost
  9160 | D:8      | Noticed Psyche
  9257 | D:8      | Reached * piety under Cheibriados
  9257 | D:8      | Reached skill level 7 in Unarmed Combat
  9259 | D:8      | Found a flagged portal.
  9274 | Bailey   | Entered a bailey
  9324 | Bailey   | Noticed an orc warlord
  9359 | Bailey   | Noticed an orc knight
  9559 | Bailey   | Found a runed gate.
  9561 | Bailey   | Found a runed gate.
  9562 | Bailey   | Found a runed gate.
  9744 | Bailey   | Killed an orc knight
  9744 | Bailey   | Reached XP level 10. HP: 29/87 MP: 10/14
 10237 | D:8      | Reached ** piety under Cheibriados
 10389 | D:7      | Killed Psyche
 10389 | D:7      | Reached skill level 5 in Fighting
 10406 | D:7      | Reached skill level 8 in Unarmed Combat
 11265 | D:8      | Learned a level 5 spell: Blade Hands
 11352 | D:9      | Found a radiant altar of Vehumet.
 11620 | D:9      | Reached *** piety under Cheibriados
 11853 | D:9      | Found Duakan's Assorted Antiques.
 11873 | D:9      | Bought a scroll labeled TEFRAI KAASUS for 37 gold pieces
 11876 | D:9      | Bought an encrusted ruby ring for 185 gold pieces
 12009 | D:9      | Identified a scroll of acquirement
 12010 | D:9      | Got a dazzling hat
 12016 | D:9      | Identified the -1 hat of Hedge Wizardry {+Inv Dex+6} (You acquired it on level 9 of the Dungeon)
 12020 | D:10     | Entered Level 10 of the Dungeon
 12308 | D:10     | Noticed a two-headed ogre
 12314 | D:10     | Killed a two-headed ogre
 12314 | D:10     | Reached skill level 9 in Unarmed Combat
 12460 | D:10     | Noticed Gastronok
 12545 | D:10     | Reached XP level 11. HP: 67/97 MP: 15/15
 12720 | D:10     | Reached **** piety under Cheibriados
 12783 | D:10     | Noticed Erica
 12795 | D:10     | Killed Erica
 13305 | D:11     | Noticed p0werm0de's ghost (journeyman BaVM)
 13350 | D:11     | Found a labyrinth entrance.
 13378 | Lab      | Entered a labyrinth
 13554 | Lab      | Noticed an unseen horror
 13560 | Lab      | Killed an unseen horror
 13563 | Lab      | Noticed an unseen horror
 13587 | Lab      | Killed an unseen horror
 13587 | Lab      | Reached skill level 10 in Unarmed Combat
 14077 | Lab      | Noticed a minotaur
 14310 | Lab      | HP: 7/148 [minotaur/morningstar of holy wrath (10)]
 14312 | Lab      | Mangled by a minotaur

Skill      XL: |  1  2  3  4  5  6  7  8  9 10 11 |
---------------+----------------------------------+-----
Stealth        | 1 2 3 4 5 |  5.4
Poison Magic   | 1 2 3 |  3.0
Dodging        | 2 3 |  3.0
Transmutations | 3 4 5 7 8 9 |  9.7
Fighting       | 2 3 4 6 |  6.8
Unarmed Combat | 4 5 6 7 9 10 | 10.0
Ice Magic      | 2 3 4 |  4.0
Shields        | 1 2 3 4 |  4.1
Spellcasting   | 3 |  3.0
Invocations    | 1 3 4 |  4.3

Action                   |  1- 3 |  4- 6 |  7- 9 | 10-12 || total
-------------------------+-------+-------+-------+-------++-------
Melee: Unarmed           |    54 |   193 |   358 |   222 ||   827
       Headbutt          |     2 |     6 |    19 |    14 ||    41
       Punch             |     1 |     3 |     1 |     7 ||    12
 Fire: Hunting sling     |       |       |    53 |    31 ||    84
Throw: Stone             |     6 |     1 |       |       ||     7
       Javelin           |       |     2 |    21 |    23 ||    46
 Cast: Beastly Appendage |    11 |    19 |    17 |    11 ||    58
       Sticks to Snakes  |     3 |     7 |     4 |       ||    14
       Spider Form       |       |    14 |    20 |     6 ||    40
       Ice Form          |       |       |     2 |     8 ||    10
       Blade Hands       |       |       |       |     5 ||     5
Invok: Bend Time         |       |       |     1 |       ||     1
       Slouch            |       |       |       |     1 ||     1
 Abil: Spit Poison       |    12 |    14 |    26 |    19 ||    71
       Evoke Flight      |       |       |     2 |     4 ||     6
       End Transformatio |       |       |     1 |       ||     1
       Evoke Invisibilit |       |       |       |     1 ||     1
Evoke: Wand              |       |       |       |     1 ||     1
  Use: Scroll            |       |    12 |     4 |    13 ||    29
       Potion            |       |       |     1 |     2 ||     3
 Stab: Sleeping          |       |       |     1 |     3 ||     4
       Distracted        |       |       |     1 |       ||     1
  Eat: Chunk             |     2 |    11 |    18 |     9 ||    40
       Ration            |       |       |     1 |     1 ||     2
Armor: Robe              |     2 |    26 |    36 |    26 ||    90
       Skin              |       |     3 |     7 |     7 ||    17
Dodge: Dodged            |    27 |   133 |   238 |   105 ||   503
Block: Buckler           |       |       |    26 |    16 ||    42
       Shield            |       |       |       |    20 ||    20
